 Dungeon Crawl Stone Soup version 0.20.1-1-g8b1a95d (webtiles) character file.

17064 Jazqa the Unseen (level 12, -4/91 HPs)
             Began as a Felid Berserker on Oct 27, 2017.
             Was a High Priest of Trog.
             Slain by a four-headed hydra (17 damage)
             ... on level 6 of the Lair of Beasts.
             The game lasted 00:35:31 (22246 turns).

Jazqa the Unseen (Felid Berserker)                 Turns: 22246, Time: 00:35:31

Health: -4/91      AC:  5    Str: 15    XL:     12   Next: 15%
Magic:  17/17      EV: 33    Int: 14    God:    Trog [*****.]
Gold:   1181       SH:  0    Dex: 22    Spells: 11/11 levels left
                                        Lives:  0   Deaths: 3

rFire    + . .     SeeInvis +     - Unarmed
rCold    + . .     Gourm    .   (shield unavailable)
rNeg     . . .     Faith    .   (armour unavailable)
rPois    +         Spirit   .   (helmet unavailable)
rElec    +         Reflect  .   (cloak unavailable)
rCorr    .         Harm     .   (gloves unavailable)
MR       ++...                  (boots unavailable)
Stlth    ..........             g - amulet of regeneration
Regen    0.7/turn               B - ring "Wiat" {rElec rPois MR+ Str-3 Int+5}
MPRegen  0.2/turn               F - ring of protection from fire

@: berserking, very quick
A: no armour, no weapons or thrown items, stealth, claws 1, fangs 3, icy blue
scales 1, see invisible, agile 1, carnivore 3, speed 1, sense surroundings 1,
shaggy fur 3, electricity resistance, slow metabolism 1, sharp paws
a: Berserk, Trog's Hand, Brothers in Arms, Burn Spellbooks, Renounce Religion


You were on level 6 of the Lair of Beasts.
You worshipped Trog.
Trog was extremely pleased with you.
You were very full.

You visited 2 branches of the dungeon, and saw 16 of its levels.

You collected 1304 gold pieces.
You spent 123 gold pieces at shops.


Innate Abilities, Weirdness & Mutations

You cannot wear armour.
You are incapable of wielding weapons or throwing items.
Your paws allow you to move quietly. (Stealth)
You have sharp claws.
You have razor-sharp teeth.
You have supernaturally acute eyesight. (SInv)
You are carnivorous and can eat meat at any time.
You cover ground quickly.
Your thick and shaggy fur keeps you warm. (AC +3, rC+)
You have a slow metabolism.
Your sharp claws are effective at attacking unaware monsters.
You are partially covered in icy blue scales. (AC +2)
You are agile. (Dex +2)
You passively map a small area around you.
You are resistant to electric shocks. (rElec)


   Skills:
 + Level 11.8 Fighting
 + Level 14.9 Dodging
 + Level 17.0 Stealth
 + Level 11.4 Unarmed Combat
 - Level 6.0 Evocations


You had 11 spell levels left.
You didn't know any spells.

Inventory:

Jewellery
 f - an uncursed ring of protection from fire
 g - an amulet of regeneration (around neck)
 B - the ring "Wiat" (left paw) {rElec rPois MR+ Str-3 Int+5}
   (You found it on level 7 of the Dungeon)

   [ring of intelligence]

   It affects your strength (-3).
   It affects your intelligence (+5).
   It insulates you from electricity.
   It protects you from poison.
   It affects your resistance to hostile enchantments.
 C - an uncursed ring of ice
 F - a ring of protection from fire (right paw)
 O - a +1 ring of protection
 T - an uncursed ring of protection from fire
Wands
 l - a wand of scattershot (4/9)
 n - a wand of polymorph (13/24)
 p - a wand of lightning (8/15)
 u - a wand of random effects (20/48)
 y - a wand of random effects (11/48)
 A - a wand of scattershot (3/9)
 I - a wand of acid (7/15)
 K - a wand of lightning (8/15)
 L - a wand of iceblast (4/15)
 N - a wand of random effects (26/48)
 Q - a wand of paralysis (12/24)
Scrolls
 h - 4 scrolls of teleportation {@r4}
 j - 2 scrolls of magic mapping
 r - 3 scrolls of immolation {!r}
 t - 5 scrolls of remove curse {@r2}
 x - 2 scrolls of fear
 H - 2 scrolls of summoning
 M - 3 scrolls of fog
 P - a scroll of blinking
Potions
 b - a potion of resistance
 c - 9 potions of curing {@q1}
 d - a potion of might
 e - 3 potions of mutation {!q}
 m - a potion of cancellation
 o - 5 potions of flight
 s - a potion of heal wounds {@q2}
 w - 3 potions of agility
 z - a potion of magic
 E - a potion of brilliance
 G - a potion of invisibility
 J - 2 potions of haste {@q3}
Books
 q - a book of Cantrips

   Spells                             Type                      Level
   a - Confusing Touch                Hexes                        1
   b - Animate Skeleton               Necromancy                   1
   c - Summon Small Mammal            Summoning                    1
   d - Apportation                    Translocation                1
   Trog disapproves of the use of such an item.
 v - a book of Callings

   Spells                             Type                      Level
   a - Summon Small Mammal            Summoning                    1
   b - Call Imp                       Summoning                    2
   c - Call Canine Familiar           Summoning                    3
   d - Summon Guardian Golem          Hexes/Summoning              3
   e - Summon Lightning Spire         Summoning/Air                4
   f - Summon Ice Beast               Ice/Summoning                4
   Trog disapproves of the use of such an item.
 D - a book of Clouds

   Spells                             Type                      Level
   a - Poisonous Vapours              Poison/Air                   2
   b - Mephitic Cloud                 Conjuration/Poison/Air       3
   c - Conjure Flame                  Conjuration/Fire             3
   d - Freezing Cloud                 Conjuration/Ice/Air          6
   e - Ring of Flames                 Charms/Fire                  7
   Trog disapproves of the use of such an item.
 R - a book of Transfigurations

   Spells                             Type                      Level
   a - Irradiate                      Conjuration/Transmutation    5
   b - Statue Form                    Transmutation/Earth          6
   c - Hydra Form                     Transmutation                6
   d - Dragon Form                    Transmutation                7
   Trog disapproves of the use of such an item.
 S - the Disquisition on Attacks
   (You found it on level 4 of the Lair of Beasts)

   Spells                             Type                      Level
   a - Throw Icicle                   Conjuration/Ice              4
   b - Bolt of Draining               Conjuration/Necromancy       5
   c - Irradiate                      Conjuration/Transmutation    5
   d - Freezing Cloud                 Conjuration/Ice/Air          6
   Trog disapproves of the use of such an item.
Comestibles
 a - 7 meat rations {@e1}
 i - a chunk of flesh
 k - 9 royal jellies {@e3}

Dungeon Overview and Level Annotations

Branches:
Dungeon (10/15)            Temple (0/1) D:7            Lair (6/6) D:10
 Shoals (0/4) Lair:3       Spider (0/4) Lair:4        Slime (0/5) Lair:5
    Orc: D:9-12

Altars:
Cheibriados
Elyvilon
Makhleb
Sif Muna
Xom
Zin
Jiyva

Shops:
D:6 :   D:10 ?

Annotations:
Lair:2 Sonja
Lair:3 exclusion: oklob plant

.P.PP..<..............#
,....P........##..###..#
.........(...##### .## ,
.P.....####..P## #
.......* #....# #.P....
#..P######## ##▒...= *
#...##.#...## ......
#..........P# .P..
#..D@††..([.# ,
*#.....#.##..## ,
#......### .# ##....P# ,
##...## , #..#. *** , ,
♣.. ** ** ... , ,


You could see a four-headed hydra.


Message History

The komodo dragon closely misses you.
You completely miss the komodo dragon.
The komodo dragon is severely wounded.
The komodo dragon misses you.
You scratch the komodo dragon.
The komodo dragon is severely wounded.
The komodo dragon bites you!!
* * * LOW HITPOINT WARNING * * *
You hear a roar!
You scratch the komodo dragon.
The komodo dragon is almost dead.
Use which ability? (? or * to list)
A red film seems to cover your vision as you go berserk!
You feel yourself moving faster!
You feel mighty! The komodo dragon closely misses you.
A four-headed hydra comes into view.
You scratch the komodo dragon.
The komodo dragon is almost dead.
The komodo dragon misses you.
The four-headed hydra moves out of view.
You claw the komodo dragon!
You kill the komodo dragon!
Trog accepts your kill.
Things that are here:
a komodo dragon corpse; a basilisk corpse You feel a strong urge to attack something.
You barely miss the four-headed hydra.
The four-headed hydra barely misses you. x2
The four-headed hydra bites you!
You die...

Skill      XL: |  1  2  3  4  5  6  7  8  9 10 11 12 |
---------------+-------------------------------------+-----
Stealth        | 1 2 3 4 5 7 9 14 16 17 | 17.0
Dodging        | 5 6 7 9 10 14 13 | 14.9
Fighting       | 4 5 6 8 11 10 | 11.8
Unarmed Combat | 4 5 6 8 9 10 11 | 11.4
Evocations     | 6 4 |  6.0

Action                   |  1- 3 |  4- 6 |  7- 9 | 10-12 | 13-15 || total
-------------------------+-------+-------+-------+-------+-------++-------
Melee: Unarmed           |   102 |   202 |   401 |   832 |    13 ||  1550
       Bite              |    11 |    18 |    41 |   117 |     1 ||   188
       Punch             |     1 |       |    14 |    50 |       ||    65
Invok: Berserk           |     6 |     6 |    15 |    27 |       ||    54
       Brothers in Arms  |       |       |       |     7 |       ||     7
       Trog's Hand       |       |       |       |     1 |       ||     1
Evoke: Wand              |       |       |       |     9 |       ||     9
  Use: Scroll            |       |    10 |    14 |    11 |       ||    35
       Potion            |       |     1 |     2 |     5 |       ||     8
 Stab: Sleeping          |     4 |     9 |    23 |    30 |       ||    66
       Distracted        |       |     1 |     5 |     5 |       ||    11
  Eat: Chunk             |    14 |    13 |    27 |    63 |       ||   117
Armor: Skin              |     4 |     8 |    16 |    23 |       ||    51
Dodge: Dodged            |    63 |   152 |   318 |   811 |    45 ||  1389

Vault maps used:
D:1:      dpeg_arrival_caged_fury
D:2:      gammafunk_temple_overflow_elements, old_standard_altar,
          minmay_misc_feat_x, uniq_natasha
D:4:      cheibrodos_sewer_entry_sluice, minmay_liquid_box
D:5:      cheibrodos_helix_gallery, first_bread, uniq_blork_the_orc,
          uniq_menkaure, uniq_grinder
D:6:      serial_shops, kennysheep_mini_moat, moated_statue
D:7:      zin_statuary, minmay_temple_entry_junction
D:8:      elyvilon_altar_4, basic_altar
D:10:     dpeg_oklobed_lair, serial_shops, shop_coins, grunt_livestock,
          uniq_psyche
Lair:1:   pond
Lair:2:   grunt_megastairs_3, lemuel_fruit_tree, uniq_sonja
Lair:3:   minmay_shoals_entry_hut, st_stairs_9,
          eino_small_chamber_without_monster, minmay_lair_oklob_bushes,
          grunt_megastairs_1
Lair:4:   spider_nest_entry_rubble, disabler_island
Lair:5:   slime_altar_1, uniq_kirke, uniq_rupert
Lair:6:   hangedman_lair_tendril_chambers, grunt_forest_small_clearings

Notes
Turn   | Place    | Note
-------+----------+-------------------------------------------
     0 | D:1      | Jazqa the Felid Berserker began the quest for the Orb.
     0 | D:1      | Reached XP level 1. HP: 10/10 MP: 2/2
     1 | D:1      | Found a runed door.
   117 | D:1      | Reached XP level 2. HP: 12/14 MP: 3/3
   362 | D:1      | Reached skill level 1 in Stealth
   548 | D:1      | Reached ** piety under Trog
   733 | D:1      | HP: 2/21 [kobold/short sword (2)]
  1135 | D:1      | Reached XP level 3. HP: 17/17 MP: 4/4
  1565 | D:2      | Found a shimmering altar of Xom.
  2053 | D:2      | Noticed Natasha
  2060 | D:2      | Killed Natasha
  2060 | D:2      | Reached skill level 2 in Stealth
  2060 | D:2      | Reached XP level 4. HP: 22/22 MP: 5/5
  2356 | D:2      | Noticed Natasha
  2359 | D:2      | Killed Natasha
  2423 | D:2      | Reached skill level 5 in Dodging
  2618 | D:2      | Noticed Natasha
  2634 | D:2      | Killed Natasha
  2634 | D:2      | Reached skill level 4 in Fighting
  2634 | D:2      | Reached XP level 5. HP: 15/25 MP: 6/6
  3185 | D:2      | Found a deep blue altar of Sif Muna.
  3185 | D:2      | Found a burning altar of Makhleb.
  3295 | D:3      | Reached skill level 4 in Unarmed Combat
  3529 | D:3      | Reached skill level 3 in Stealth
  3535 | D:3      | Identified a potion of resistance
  4586 | D:4      | Noticed an ogre
  4775 | D:4      | Reached *** piety under Trog
  4775 | D:4      | Gained mutation: You are covered in thick fur. (AC +2) [Felid growth]
  4775 | D:4      | Reached XP level 6. HP: 22/29 MP: 7/7
  4915 | D:4      | Reached skill level 4 in Stealth
  4922 | D:4      | Reached skill level 6 in Dodging
  5392 | D:4      | Reached skill level 5 in Fighting
  5438 | D:4      | Reached XP level 7. HP: 14/33 MP: 8/8
  6349 | D:4      | Reached skill level 5 in Unarmed Combat
  6519 | D:5      | Entered Level 5 of the Dungeon
  6606 | D:5      | Noticed Menkaure
  6611 | D:5      | Killed Menkaure
  6611 | D:5      | Reached skill level 5 in Stealth
  6826 | D:5      | Reached skill level 7 in Dodging
  6937 | D:5      | Noticed Grinder
  7047 | D:5      | Killed Grinder
  7047 | D:5      | Reached XP level 8. HP: 38/38 MP: 9/9
  7234 | D:5      | Reached skill level 6 in Stealth
  7517 | D:5      | Reached skill level 6 in Fighting
  7910 | D:5      | Noticed Blork the orc
  7918 | D:5      | Killed Blork the orc
  8220 | D:5      | Reached skill level 6 in Unarmed Combat
  8577 | D:1      | Reached skill level 8 in Dodging
  8604 | D:1      | Reached **** piety under Trog
  8874 | D:6      | Reached skill level 7 in Stealth
  9324 | D:6      | Found Vytax's Book Shoppe.
  9748 | D:7      | Found a staircase to the Ecumenical Temple.
  9761 | D:7      | Noticed a hippogriff
  9777 | D:7      | Killed a hippogriff
  9777 | D:7      | Reached skill level 9 in Dodging
  9777 | D:7      | Reached XP level 9. HP: 33/42 MP: 10/10
  9895 | D:7      | Found a glowing silver altar of Zin.
 10058 | D:7      | Reached skill level 7 in Fighting
 10058 | D:7      | Reached skill level 8 in Stealth
 10132 | D:7      | You fall through a shaft for 3 floors!
 10132 | D:10     | Entered Level 10 of the Dungeon
 10156 | D:10     | Found a staircase to the Lair.
 10156 | D:10     | Noticed an oklob plant
 10258 | D:10     | Noticed Psyche
 10317 | D:9      | Reached skill level 7 in Unarmed Combat
 10574 | D:9      | Noticed a two-headed ogre
 10721 | D:9      | Noticed a troll
 10732 | D:9      | Killed a troll
 10821 | D:8      | Found a white marble altar of Elyvilon.
 10931 | D:8      | Reached skill level 9 in Stealth
 11137 | D:8      | Found a snail-covered altar of Cheibriados.
 11355 | D:8      | Reached skill level 10 in Dodging
 11676 | D:7      | Reached skill level 8 in Fighting
 11732 | D:7      | Reached ***** piety under Trog
 11744 | D:7      | Got a coiled iron ring
 11780 | D:7      | Identified the ring "Wiat" {rElec rPois MR+ Str-3 Int+5} (You found it on level 7 of the Dungeon)
 11870 | D:8      | Noticed a two-headed ogre
 11882 | D:8      | Killed a two-headed ogre
 11882 | D:8      | Reached skill level 8 in Unarmed Combat
 11882 | D:8      | Reached XP level 10. HP: 48/48 MP: 11/11
 12392 | D:9      | Reached skill level 10 in Stealth
 12614 | D:9      | Noticed a sun demon
 12650 | D:9      | Reached skill level 11 in Dodging
 12989 | D:9      | Killed a two-headed ogre
 12989 | D:9      | Reached skill level 9 in Fighting
 12989 | D:9      | Reached skill level 11 in Stealth
 13706 | D:10     | Reached skill level 9 in Unarmed Combat
 13706 | D:10     | Reached XP level 11. HP: 53/53 MP: 12/12
 13847 | D:10     | Noticed a red ugly thing
 13868 | D:10     | Killed a red ugly thing
 13868 | D:10     | Reached skill level 12 in Dodging
 13935 | D:10     | Noticed a two-headed ogre
 13942 | D:10     | Killed a two-headed ogre
 14164 | D:10     | Found Atiomnav's Magic Scroll Shop.
 14171 | D:10     | Killed Psyche
 14171 | D:10     | Reached skill level 12 in Stealth
 14196 | D:10     | Bought a scroll of summoning for 123 gold pieces
 14566 | D:10     | Reached skill level 1 in Evocations
 14981 | D:10     | Killed an oklob plant
 15001 | Lair:1   | Entered Level 1 of the Lair of Beasts
 15003 | Lair:1   | Reached skill level 2 in Evocations
 15330 | Lair:1   | Reached skill level 10 in Fighting
 15496 | Lair:1   | Reached skill level 3 in Evocations
 15945 | Lair:1   | Reached skill level 13 in Dodging
 15945 | Lair:1   | Reached skill level 10 in Unarmed Combat
 16447 | Lair:2   | Noticed Sonja
 16543 | Lair:2   | Reached skill level 13 in Stealth
 16585 | Lair:2   | Gained mutation: Your thick and shaggy fur keeps you warm. (AC +3, rC+) [Felid growth]
 16585 | Lair:2   | Reached XP level 12. HP: 29/58 MP: 15/15
 17097 | Lair:1   | Reached skill level 4 in Evocations
 17349 | Lair:1   | HP: 7/87 [blink frog (12)]
 18359 | Lair:3   | HP: 6/88 [oklob plant/splash of acid (10)]
 18359 | Lair:3   | Splashed by an oklob plant's acid
 18360 | Lair:3   | Reached XP level 11. HP: -6/82 MP: 15/15
 18732 | Lair:3   | Reached skill level 5 in Evocations
 18771 | Lair:3   | Noticed a six-headed hydra
 18779 | Lair:3   | Killed a six-headed hydra
 19238 | Lair:3   | Found a staircase to the Shoals.
 19576 | Lair:4   | Noticed HammerPanzer's ghost (journeyman DsBe)
 19596 | Lair:4   | HP: 7/82 [HammerPanzer's ghost (18)]
 19596 | Lair:4   | HP: 2/82 [HammerPanzer's ghost (5)]
 19598 | Lair:4   | Annihilated by HammerPanzer's ghost
 19599 | Lair:4   | Reached XP level 10. HP: -30/76 MP: 15/15
 19607 | Lair:4   | Reached skill level 14 in Stealth
 19629 | Lair:4   | Reached skill level 11 in Fighting
 19635 | Lair:4   | Killed HammerPanzer's ghost
 19635 | Lair:4   | Reached skill level 14 in Dodging
 19635 | Lair:4   | Reached XP level 11. HP: 55/55 MP: 16/16
 19644 | Lair:4   | Reached skill level 6 in Evocations
 19650 | Lair:4   | Reached ****** piety under Trog
 20045 | Lair:4   | Identified the Disquisition on Attacks
 20047 | Lair:4   | Noticed lorenzova's ghost (journeyman DECj)
 20073 | Lair:4   | Killed lorenzova's ghost
 20097 | Lair:4   | Identified a potion of experience
 20099 | Lair:4   | Reached skill level 16 in Stealth
 20099 | Lair:4   | Reached XP level 12. HP: 60/60 MP: 17/17
 20252 | Lair:4   | Found a hole to the Spider Nest.
 20508 | Lair:4   | Gained mutation: You are resistant to electric shocks. (rElec) [potion of mutation]
 20508 | Lair:4   | Gained mutation: You are agile. (Dex +2) [potion of mutation]
 20508 | Lair:4   | Gained mutation: You passively map a small area around you. [potion of mutation]
 20508 | Lair:4   | Gained mutation: You are partially covered in icy blue scales. (AC +2) [potion of mutation]
 20623 | Lair:5   | Reached skill level 11 in Unarmed Combat
 20789 | Lair:5   | Noticed Rupert
 20801 | Lair:5   | Killed Rupert
 20819 | Lair:5   | Found a staircase to the Slime Pits.
 20820 | Lair:5   | Found a viscous altar of Jiyva.
 21088 | Lair:5   | Noticed Kirke
 21096 | Lair:5   | Killed Kirke
 21699 | Lair:5   | Noticed a seven-headed hydra
 21708 | Lair:5   | Killed a seven-headed hydra
 21772 | Lair:6   | Entered Level 6 of the Lair of Beasts
 22023 | Lair:6   | Reached XP level 13. HP: 64/64 MP: 18/18
 22065 | Lair:6   | HP: 5/64 [black mamba (17)]
 22065 | Lair:6   | Slain by a wyvern
 22066 | Lair:6   | Reached XP level 12. HP: -4/60 MP: 17/17
 22099 | Lair:6   | Reached skill level 17 in Stealth
 22242 | Lair:6   | Noticed a four-headed hydra
 22246 | Lair:6   | Slain by a four-headed hydra

Vanquished Creatures
  The ghost of HammerPanzer the Bludgeoner, a journeyman DsBe of Trog (Lair:4)
  2 hydras
  The ghost of lorenzova the Eclecticist, a journeyman DECj of Sif Muna (Lair:4)
  3 two-headed ogres
  An ugly thing (D:10)
  An oklob plant (D:10)
  2 black mambas
  12 spiny frogs
  Psyche (D:10)
  3 rime drakes
  4 komodo dragons
  3 kobold demonologists (D:9)
  2 trolls
  A hornet (Lair:4)
  Grinder (D:5)
  A snapping turtle (Lair:3)
  11 blink frogs
  2 hippogriffs
  3 wyverns (Lair:6)
  21 yaks
  A tarantella (Lair:4)
  4 hogs (D:10)
  2 steam dragons
  A human (D:10)
  2 basilisks
  8 vampire mosquitoes (Lair:1)
  Menkaure (D:5)
  An insubstantial wisp (Lair:1)
  15 water moccasins
  6 porcupines
  2 ice beasts
  4 sky beasts
  An orc warrior (D:9)
  2 phantoms
  A black bear (D:7)
  3 ogres
  11 wolves
  5 centaurs
  9 crocodiles
  Blork the orc (D:5)
  13 bullfrogs
  A wyvern zombie (D:6)
  A wyvern skeleton (D:9)
  5 scorpions
  2 killer bees (D:9)
  5 wights (D:9)
  3 electric eels (Lair:4)
  4 crimson imps
  A bullfrog zombie (D:6)
  2 quasits
  4 hounds
  A jelly (D:8)
  An orc priest (D:4)
  6 orc wizards
  A bullfrog skeleton (D:7)
  2 iguanas
  Natasha (thrice) (D:2)
  11 worker ants
  A killer bee zombie (D:8)
  A hound skeleton (D:4)
  A worker ant zombie (D:10)
  12 adders
  14 gnolls
  2 howler monkey skeletons (D:4)
  2 river rats (D:4)
  3 shadow imps
  An adder zombie (D:9)
  8 oozes (D:1)
  3 adder skeletons
  A dart slug (D:3)
  5 worms
  8 leopard geckos
  26 orcs
  9 giant cockroaches
  7 hobgoblins
  8 jackals (D:1)
  10 kobolds
  8 quokkas
  2 ball pythons (D:4)
  8 bats
  8 frilled lizards
  A giant cockroach zombie (D:6)
  15 goblins
  A leopard gecko zombie (D:7)
  8 rats
  A plant (D:10)
396 creatures vanquished.

Vanquished Creatures (collateral kills)
  Rupert (Lair:5)
  Kirke (Lair:5)
  A black mamba (Lair:6)
  2 spiny frogs (Lair:6)
  A komodo dragon (Lair:5)
  4 blink frogs
  3 wyverns (Lair:6)
  8 yaks
  A hog (Lair:5)
  A basilisk (Lair:6)
  3 water moccasins
  2 crocodiles
28 creatures vanquished.

Vanquished Creatures (others)
  A crocodile (Lair:5)
  A bush (Lair:6)
  12 fungi
  12 plants
26 creatures vanquished.

Grand Total: 450 creatures vanquished
